Map: Altitude LE

Players

A.I. 1 (Very Easy) - Winner!

  • Race: Zerg Zerg
  • Spawn Location: 1:00

ferret

  • Race: Terran Terran
  • League: Diamond
  • Spawn Location: 7:00

VOD

Have the link to the VOD?

Description

Time

  • Played on: April 29, 2023, 12:03 p.m.
  • Length: 5:26
Show
View Real Time Build Order
Export as new Build Order

A.I. 1 (Very Easy) Zerg - Winner!

Build Orders: Pool Only 

Get SALT Encoding   

  12  0:01  Drone  
  13  0:12  Overlord  
  13  0:17  Drone  
  14  0:35  Spawning Pool  
  14  0:38  Extractor  
  14  0:39  Drone  
  13  0:46  Drone  
  14  0:52  Overlord  
  14  1:23  Queen, Zergling x2  
  17  1:32  Roach Warren  
  16  1:34  Drone  
  16  1:38  Extractor  
  16  1:40  Zergling x2  
  16  1:43  Drone  
  18  1:56  Drone  
  18  1:57  Zergling x2  
  20  2:07  Drone  
  21  2:17  Drone  
  22  2:28  Drone  
  22  2:29  Overlord  
  23  2:35  Drone  
  24  2:42  Drone  
Show
View Real Time Build Order
Export as new Build Order

ferret Terran 

Build Orders:  

Get SALT Encoding   

  12  0:00  SCV  
  13  0:12  SCV  
  14  0:17  Supply Depot  
  14  0:24  SCV  
  15  0:38  SCV  
  15  0:40  Barracks  
  16  0:45  Refinery  
  16  0:51  SCV  
  17  1:03  SCV  
  18  1:15  SCV  
  19  1:27  Marine  
  19  1:28  Orbital Command  
  20  1:41  Command Center  
  20  1:46  Barracks Reactor  
  20  1:53  SCV  
  21  2:02  Supply Depot  
  21  2:05  SCV  
  22  2:10  Factory  
  22  2:18  SCV  
  23  2:24  Marine x2  
  25  2:30  Barracks  
  25  2:32  SCV  
  26  2:44  SCV  
  27  2:56  Refinery  
  27  3:02  Orbital Command  
  27  3:03  Barracks Tech Lab  
  27  3:04  Hellion x2  
  31  3:05  SCV  
  32  3:21  Starport  
  32  3:22  Marine  
  32  3:25  Stimpack  
  33  3:27  SCV  
  33  3:32  SCV  
  33  3:34  Factory Reactor  
  35  3:35  Marine  
  35  3:36  Marine  
  37  3:45  SCV  
  37  3:46  SCV  
  37  3:47  Marine  
  40  3:53  Marine  
  40  3:54  Marine  
  42  3:56  Supply Depot  
  42  3:57  SCV  
  42  3:58  SCV  
  42  4:01  Supply Depot  
  44  4:13  Medivac  
  46  4:17  Marine x3, Medivac, SCV  
  46  4:19  SCV  
  53  4:28  Engineering Bay  
  53  4:32  Engineering Bay, Factory Tech Lab  
  53  4:35  Marine x3  
  53  4:37  SCV  
  57  4:38  SCV  
  58  4:46  Supply Depot  
  58  5:01  SCV  
  58  5:02  SCV  
  60  5:08  Supply Depot  
  60  5:12  Supply Depot  
Tags
 
League
Diamond
Matchup
TvZ
Opening
Pool Only
Spawn Locations
Cross Positions
Add a new tag
Caveats
  • Supply blocks, unpowered buildings, or Contaminate may cause inaccurate times.
  • Supply counts are checked every 10 seconds.